[ AOE2 MATCH · #479355030 ]
UnrankedEthiopians vs Muisca
Player's team · LOSS
[ REPLAY ANALYSIS · EXTRACTED FROM THE RECORDED GAME ]
Feudal
9:24
Castle
22:44
Imperial
—
| APM avg | 42.1 |
| APM peak | 88 |
| eAPM avg | 19.2 |
| Villagers / military | 89 / 51 |
Focus
⚔️ 34.5% · 🌾 65.5%
Archer ×51
Feudal
10:41
Castle
16:20
Imperial
—
| APM avg | 48.6 |
| APM peak | 97 |
| eAPM avg | 21.0 |
| Villagers / military | 71 / 10 |
Focus
⚔️ 32.3% · 🌾 67.7%
Unknown (2562) ×21 · Monk ×7 · Mangonel ×3
Feudal
11:36
Castle
22:43
Imperial
—
| APM avg | 46.3 |
| APM peak | 86 |
| eAPM avg | 20.6 |
| Villagers / military | 54 / 65 |
Focus
⚔️ 33.2% · 🌾 66.8%
Archer ×44 · Skirmisher ×17 · Mangonel ×2 · Spearman ×2
Feudal
10:20
Castle
23:48
Imperial
—
| APM avg | 57.2 |
| APM peak | 98 |
| eAPM avg | 21.4 |
| Villagers / military | 68 / 90 |
Focus
⚔️ 34.4% · 🌾 65.6%
Archer ×87 · Spearman ×3
Feudal
10:05
Castle
—
Imperial
—
| APM avg | 12.7 |
| APM peak | 40 |
| eAPM avg | 6.4 |
| Villagers / military | 44 / 10 |
Focus
⚔️ 17.3% · 🌾 82.7%
Scout Cavalry ×6 · Spearman ×4
Feudal
8:44
Castle
26:01
Imperial
—
| APM avg | 47.2 |
| APM peak | 82 |
| eAPM avg | 16.2 |
| Villagers / military | 59 / 58 |
Focus
⚔️ 32.5% · 🌾 67.5%
Camel Scout ×44 · Scout Cavalry ×13 · Spearman ×1
Feudal
9:05
Castle
25:07
Imperial
—
| APM avg | 29.2 |
| APM peak | 63 |
| eAPM avg | 12.9 |
| Villagers / military | 73 / 38 |
Focus
⚔️ 34.1% · 🌾 65.9%
Knight ×23 · Scout Cavalry ×13 · Spearman ×2
Feudal
8:36
Castle
22:27
Imperial
—
| APM avg | 40.4 |
| APM peak | 90 |
| eAPM avg | 16.3 |
| Villagers / military | 81 / 60 |
Focus
⚔️ 26.9% · 🌾 73.1%
Knight ×53 · Scout Cavalry ×7
Match map
Initial resources + every placement click. Lines = walls · curves = elevation contours. ◆ gold · ⬟ stone · ● berries · ✦ relic · ◌ wall gap
Your base· Open — 8t gap
Polenta's base· Open — unwalled flank
Clancy |-/'s base· ✓ Closed at 22:43 · 42t walls · 1 gate(s)
Walmart's base· Open — 4t gap
jerius02's base· ✓ Closed at 12:00 · 58t walls · no gate
[COBRA] Nelson Damianco's base· ✓ Closed at 26:01 · 66t walls · 1 gate(s)
[Traidor] Christoffel's base· ✓ Closed at 25:07 · 49t walls · 2 gate(s)
[COBRA] Ludwig Xan's base· ✓ Closed at 22:27 · 60t walls · no gate
Smoothed initial terrain · ◌ = detected wall gap · hover for details
Inputs per minute
— [COBRA] PaPi_RuLes - - Polenta
Build order — [COBRA] PaPi_RuLes
First 150 of 233 actions detected
| 0:03 | Create | Villager (Male) |
| 0:03 | Create | Villager (Male) |
| 0:04 | Create | Villager (Male) |
| 0:04 | Create | Villager (Male) |
| 0:05 | Build | House |
| 0:06 | Build | House |
| 1:30 | Create | Villager (Male) |
| 1:30 | Create | Villager (Male) |
| 1:51 | Build | Lumber Camp |
| 2:05 | Create | Villager (Male) |
| 2:05 | Create | Villager (Male) |
| 2:33 | Create | Villager (Male) |
| 2:58 | Create | Villager (Male) |
| 3:21 | Build | House |
| 3:22 | Build | House |
| 3:31 | Create | Villager (Male) |
| 3:31 | Create | Villager (Male) |
| 3:31 | Create | Villager (Male) |
| 4:08 | Create | Villager (Male) |
| 4:09 | Create | Villager (Male) |
| 4:22 | Build | Palisade Wall |
| 4:45 | Create | Villager (Male) |
| 4:46 | Create | Villager (Male) |
| 5:21 | Build | Mill |
| 5:33 | Create | Villager (Male) |
| 5:33 | Create | Villager (Male) |
| 5:34 | Create | Villager (Male) |
| 5:45 | Create | Villager (Male) |
| 5:46 | Create | Villager (Male) |
| 5:46 | Create | Villager (Male) |
| 5:46 | Create | Villager (Male) |
| 6:12 | Research | Loom |
| 6:12 | Research | Loom |
| 7:14 | Research | Feudal Age |
| 7:14 | Research | Feudal Age |
| 8:05 | Build | Barracks |
| 8:40 | Build | House |
| 9:16 | Create | Villager (Male) |
| 9:24 | Age | Feudal Age |
| 9:28 | Build | Archery Range |
| 9:33 | Build | Archery Range |
| 9:47 | Research | Double-Bit Axe |
| 9:56 | Create | Villager (Male) |
| 9:56 | Create | Villager (Male) |
| 10:18 | Build | Mining Camp |
| 10:21 | Create | Archer |
| 10:40 | Build | Palisade Gate |
| 10:42 | Build | Palisade Wall |
| 10:45 | Create | Villager (Male) |
| 10:50 | Create | Archer |
| 10:52 | Create | Archer |
| 10:57 | Create | Villager (Male) |
| 11:06 | Build | Palisade Wall |
| 11:16 | Build | Palisade Wall |
| 11:24 | Create | Archer |
| 11:25 | Create | Archer |
| 11:31 | Build | Mill |
| 11:32 | Create | Villager (Male) |
| 11:48 | Create | Archer |
| 11:58 | Build | Blacksmith |
| 12:04 | Build | House |
| 12:11 | Research | Town Watch |
| 12:15 | Create | Archer |
| 12:30 | Build | House |
| 12:38 | Research | Fletching |
| 12:59 | Build | Farm |
| 13:00 | Build | Farm |
| 13:02 | Build | Farm |
| 13:11 | Create | Archer |
| 13:28 | Create | Villager (Male) |
| 13:41 | Build | Lumber Camp |
| 13:49 | Build | Palisade Wall |
| 13:52 | Build | Palisade Wall |
| 13:54 | Create | Villager (Male) |
| 14:22 | Create | Villager (Male) |
| 14:23 | Create | Villager (Male) |
| 14:27 | Build | Farm |
| 14:30 | Build | Farm |
| 14:31 | Build | Farm |
| 14:40 | Create | Archer |
| 14:40 | Create | Archer |
| 14:53 | Create | Villager (Male) |
| 14:53 | Create | Villager (Male) |
| 15:19 | Create | Villager (Male) |
| 15:19 | Create | Villager (Male) |
| 15:22 | Create | Archer |
| 15:23 | Create | Archer |
| 15:30 | Build | House |
| 16:01 | Create | Villager (Male) |
| 16:02 | Create | Villager (Male) |
| 16:03 | Create | Archer |
| 16:03 | Create | Archer |
| 16:09 | Build | Farm |
| 16:11 | Build | Farm |
| 16:14 | Build | Farm |
| 16:14 | Create | Villager (Male) |
| 16:38 | Create | Villager (Male) |
| 16:41 | Create | Archer |
| 16:41 | Create | Archer |
| 17:01 | Build | House |
| 17:10 | Create | Villager (Male) |
| 17:11 | Create | Villager (Male) |
| 17:14 | Create | Archer |
| 17:14 | Create | Archer |
| 17:20 | Build | House |
| 17:22 | Research | Horse Collar |
| 18:03 | Create | Villager (Male) |
| 18:03 | Create | Villager (Male) |
| 18:07 | Build | House |
| 18:16 | Build | House |
| 18:17 | Build | House |
| 18:19 | Build | House |
| 18:26 | Create | Villager (Male) |
| 18:27 | Create | Villager (Male) |
| 18:45 | Build | Market |
| 19:10 | Build | Lumber Camp |
| 19:12 | Build | Farm |
| 19:13 | Create | Villager (Male) |
| 19:13 | Create | Villager (Male) |
| 19:22 | Build | Farm |
| 19:25 | Build | Farm |
| 19:59 | Build | Farm |
| 20:04 | Research | Castle Age |
| 20:55 | Create | Archer |
| 20:55 | Create | Archer |
| 21:05 | Build | Mining Camp |
| 21:22 | Create | Archer |
| 21:29 | Build | Archery Range |
| 21:31 | Research | Gold Mining |
| 21:32 | Research | Gold Mining |
| 21:43 | Research | Wheelbarrow |
| 21:45 | Create | Archer |
| 21:46 | Create | Archer |
| 21:50 | Research | Padded Archer Armor |
| 21:50 | Research | Padded Archer Armor |
| 22:04 | Build | Lumber Camp |
| 22:25 | Create | Archer |
| 22:25 | Create | Archer |
| 22:40 | Create | Villager (Male) |
| 22:40 | Create | Villager (Male) |
| 22:44 | Age | Castle Age |
| 22:50 | Research | Crossbowman (upgrade) |
| 22:54 | Research | Thumb Ring |
| 23:07 | Research | Bodkin Arrow |
| 23:44 | Research | Leather Archer Armor |
| 24:19 | Create | Villager (Male) |
| 24:20 | Create | Villager (Male) |
| 24:29 | Build | University |
| 24:35 | Create | Archer |
| 24:36 | Create | Archer |
Build order — Polenta
First 150 of 198 actions detected
| 0:01 | Create | Villager (Male) |
| 0:01 | Create | Villager (Male) |
| 0:01 | Create | Villager (Male) |
| 0:04 | Build | House |
| 0:05 | Build | House |
| 0:10 | Create | Villager (Male) |
| 0:11 | Create | Villager (Male) |
| 1:31 | Create | Villager (Male) |
| 1:31 | Create | Villager (Male) |
| 2:00 | Create | Villager (Male) |
| 2:00 | Create | Villager (Male) |
| 2:01 | Create | Villager (Male) |
| 2:19 | Create | Villager (Male) |
| 2:20 | Build | Settlement |
| 2:30 | Create | Villager (Male) |
| 2:31 | Create | Villager (Male) |
| 2:50 | Create | Villager (Male) |
| 2:50 | Create | Villager (Male) |
| 3:16 | Create | Villager (Male) |
| 3:45 | Create | Villager (Male) |
| 3:46 | Create | Villager (Male) |
| 3:46 | Create | Villager (Male) |
| 4:17 | Build | Settlement |
| 4:18 | Create | Villager (Male) |
| 4:19 | Create | Villager (Male) |
| 4:58 | Create | Villager (Male) |
| 5:15 | Build | House |
| 5:17 | Build | Palisade Wall |
| 5:18 | Build | Palisade Wall |
| 5:18 | Build | Palisade Wall |
| 5:25 | Create | Villager (Male) |
| 5:32 | Build | Palisade Wall |
| 5:45 | Create | Villager (Male) |
| 6:05 | Build | Palisade Wall |
| 6:06 | Build | Palisade Wall |
| 6:09 | Build | Palisade Wall |
| 6:12 | Create | Villager (Male) |
| 6:19 | Build | Palisade Wall |
| 6:31 | Build | Farm |
| 6:43 | Create | Villager (Male) |
| 7:08 | Create | Villager (Male) |
| 7:24 | Create | Villager (Male) |
| 7:29 | Build | Palisade Wall |
| 7:38 | Build | House |
| 7:45 | Build | Settlement |
| 8:04 | Research | Loom |
| 8:31 | Research | Feudal Age |
| 8:37 | Build | Farm |
| 8:57 | Build | Farm |
| 9:10 | Build | Palisade Wall |
| 9:11 | Build | Palisade Wall |
| 10:08 | Create | Villager (Male) |
| 10:08 | Create | Villager (Male) |
| 10:41 | Age | Feudal Age |
| 10:52 | Build | Market |
| 10:57 | Build | Blacksmith |
| 11:21 | Create | Villager (Male) |
| 11:51 | Create | Villager (Male) |
| 11:56 | Build | Farm |
| 12:19 | Create | Villager (Male) |
| 12:47 | Build | Palisade Wall |
| 12:48 | Build | Palisade Wall |
| 12:51 | Build | Palisade Wall |
| 12:51 | Build | Palisade Wall |
| 13:40 | Research | Castle Age |
| 14:08 | Research | Double-Bit Axe |
| 14:08 | Research | Double-Bit Axe |
| 15:00 | Build | Settlement |
| 15:07 | Build | Settlement |
| 15:19 | Build | Settlement |
| 15:29 | Research | Fletching |
| 16:05 | Build | Palisade Wall |
| 16:06 | Build | Palisade Wall |
| 16:11 | Build | Palisade Wall |
| 16:12 | Build | Palisade Wall |
| 16:20 | Build | Palisade Wall |
| 16:20 | Age | Castle Age |
| 16:22 | Build | Palisade Wall |
| 16:23 | Build | Palisade Wall |
| 16:25 | Build | Palisade Wall |
| 16:26 | Build | Palisade Wall |
| 16:44 | Build | Farm |
| 16:56 | Create | Villager (Male) |
| 17:00 | Create | Villager (Male) |
| 17:05 | Build | Palisade Gate |
| 17:11 | Build | Palisade Wall |
| 17:13 | Build | Palisade Wall |
| 17:16 | Build | Palisade Wall |
| 17:24 | Build | Palisade Wall |
| 17:32 | Create | Villager (Male) |
| 17:37 | Build | Castle |
| 17:48 | Build | Palisade Wall |
| 17:49 | Build | Palisade Wall |
| 17:50 | Build | Palisade Wall |
| 17:53 | Build | Palisade Wall |
| 17:54 | Build | Palisade Wall |
| 17:57 | Build | Palisade Wall |
| 17:58 | Build | Palisade Wall |
| 18:02 | Create | Villager (Male) |
| 18:14 | Create | Villager (Male) |
| 18:35 | Build | Settlement |
| 18:46 | Create | Unit 2562 |
| 18:47 | Create | Unit 2562 |
| 18:47 | Create | Unit 2562 |
| 18:47 | Create | Unit 2562 |
| 18:47 | Create | Unit 2562 |
| 18:49 | Create | Villager (Male) |
| 19:04 | Build | Palisade Wall |
| 19:09 | Build | Farm |
| 19:10 | Build | Farm |
| 19:12 | Build | Farm |
| 19:19 | Create | Villager (Male) |
| 19:24 | Create | Unit 2562 |
| 19:24 | Create | Unit 2562 |
| 19:29 | Build | Palisade Wall |
| 19:47 | Build | Palisade Wall |
| 19:48 | Create | Unit 2562 |
| 20:03 | Create | Villager (Male) |
| 20:04 | Create | Unit 2562 |
| 20:04 | Create | Unit 2562 |
| 20:04 | Create | Unit 2562 |
| 20:22 | Create | Unit 2562 |
| 20:22 | Create | Unit 2562 |
| 20:32 | Create | Villager (Male) |
| 20:32 | Create | Villager (Male) |
| 20:32 | Create | Villager (Male) |
| 20:57 | Create | Unit 2562 |
| 21:05 | Create | Villager (Male) |
| 21:07 | Create | Unit 2562 |
| 21:07 | Create | Unit 2562 |
| 21:21 | Create | Unit 2562 |
| 21:21 | Create | Unit 2562 |
| 21:43 | Create | Villager (Male) |
| 21:55 | Create | Unit 2562 |
| 21:55 | Create | Unit 2562 |
| 22:05 | Build | Farm |
| 22:07 | Build | Farm |
| 22:08 | Create | Villager (Male) |
| 22:20 | Create | Unit 2562 |
| 22:36 | Create | Villager (Male) |
| 22:36 | Create | Villager (Male) |
| 23:01 | Build | Barracks |
| 23:14 | Create | Villager (Male) |
| 23:14 | Create | Villager (Male) |
| 23:16 | Build | Farm |
| 23:17 | Build | Farm |
| 23:20 | Build | Farm |
| 23:33 | Create | Villager (Male) |
| 23:33 | Create | Villager (Male) |
| 23:37 | Build | Palisade Wall |
Build order — Clancy |-/
First 150 of 229 actions detected
| 0:01 | Create | Villager (Male) |
| 0:01 | Create | Villager (Male) |
| 0:02 | Create | Villager (Male) |
| 0:03 | Build | House |
| 0:04 | Build | House |
| 0:04 | Create | Villager (Male) |
| 1:39 | Create | Villager (Male) |
| 1:39 | Create | Villager (Male) |
| 2:08 | Create | Villager (Male) |
| 2:08 | Create | Villager (Male) |
| 2:32 | Create | Villager (Male) |
| 2:53 | Create | Villager (Male) |
| 2:53 | Create | Villager (Male) |
| 3:07 | Build | Lumber Camp |
| 3:20 | Create | Villager (Male) |
| 3:51 | Create | Villager (Male) |
| 3:56 | Create | Villager (Male) |
| 4:09 | Create | Villager (Male) |
| 4:23 | Research | Loom |
| 4:26 | Build | House |
| 4:27 | Build | House |
| 4:36 | Create | Villager (Male) |
| 4:56 | Create | Villager (Male) |
| 5:01 | Build | Mill |
| 5:23 | Create | Villager (Male) |
| 6:05 | Create | Villager (Male) |
| 6:23 | Create | Villager (Male) |
| 6:26 | Build | Farm |
| 6:34 | Create | Villager (Male) |
| 6:48 | Create | Villager (Male) |
| 7:16 | Build | Mill |
| 7:23 | Build | Palisade Wall |
| 7:25 | Build | Palisade Wall |
| 7:25 | Build | Palisade Wall |
| 7:28 | Build | Palisade Wall |
| 7:29 | Build | Palisade Wall |
| 8:05 | Create | Villager (Male) |
| 8:22 | Build | Farm |
| 8:32 | Create | Villager (Male) |
| 8:43 | Create | Villager (Male) |
| 8:47 | Build | Farm |
| 9:26 | Research | Feudal Age |
| 10:18 | Build | Palisade Wall |
| 10:20 | Build | Palisade Wall |
| 10:32 | Build | Barracks |
| 10:36 | Build | Palisade Wall |
| 10:37 | Create | Villager (Male) |
| 10:40 | Build | Palisade Wall |
| 10:43 | Build | Palisade Wall |
| 10:44 | Build | Palisade Wall |
| 10:48 | Create | Villager (Male) |
| 11:00 | Build | Lumber Camp |
| 11:04 | Build | Palisade Wall |
| 11:06 | Build | Palisade Wall |
| 11:09 | Build | Palisade Wall |
| 11:27 | Build | House |
| 11:36 | Age | Feudal Age |
| 12:19 | Build | Palisade Wall |
| 12:22 | Build | Archery Range |
| 12:34 | Build | Palisade Gate |
| 12:45 | Create | Villager (Male) |
| 12:50 | Research | Double-Bit Axe |
| 12:59 | Build | Mining Camp |
| 13:06 | Build | Palisade Gate |
| 13:15 | Create | Skirmisher |
| 13:16 | Create | Skirmisher |
| 13:22 | Create | Villager (Male) |
| 13:29 | Build | House |
| 13:36 | Create | Villager (Male) |
| 13:46 | Build | House |
| 14:00 | Create | Skirmisher |
| 14:01 | Create | Archer |
| 14:09 | Create | Villager (Male) |
| 14:15 | Build | Farm |
| 14:24 | Build | Farm |
| 14:24 | Create | Villager (Male) |
| 14:27 | Create | Archer |
| 14:33 | Build | Farm |
| 14:34 | Build | House |
| 14:41 | Create | Skirmisher |
| 14:58 | Build | Blacksmith |
| 15:02 | Create | Villager (Male) |
| 15:05 | Build | Farm |
| 15:09 | Create | Archer |
| 15:20 | Build | Farm |
| 15:22 | Create | Villager (Male) |
| 15:46 | Create | Archer |
| 16:01 | Build | Farm |
| 16:10 | Research | Fletching |
| 16:25 | Create | Villager (Male) |
| 16:27 | Build | Farm |
| 16:27 | Build | Farm |
| 16:29 | Build | Farm |
| 16:30 | Build | Farm |
| 16:32 | Create | Archer |
| 16:33 | Create | Skirmisher |
| 16:58 | Build | Watch Tower |
| 17:05 | Build | Farm |
| 17:06 | Create | Villager (Male) |
| 17:10 | Build | Farm |
| 17:11 | Build | Farm |
| 17:29 | Create | Spearman |
| 17:36 | Create | Archer |
| 18:02 | Build | Farm |
| 18:12 | Create | Skirmisher |
| 18:12 | Create | Archer |
| 18:14 | Create | Villager (Male) |
| 18:17 | Build | House |
| 18:18 | Build | House |
| 18:29 | Create | Archer |
| 18:42 | Build | Market |
| 19:05 | Build | Farm |
| 19:12 | Build | Archery Range |
| 19:30 | Create | Archer |
| 19:30 | Create | Archer |
| 19:38 | Create | Villager (Male) |
| 19:59 | Research | Castle Age |
| 20:13 | Build | Market |
| 20:16 | Build | House |
| 20:42 | Create | Skirmisher |
| 20:59 | Build | Watch Tower |
| 21:14 | Build | Watch Tower |
| 21:28 | Build | House |
| 21:32 | Build | Lumber Camp |
| 22:11 | Create | Archer |
| 22:11 | Create | Archer |
| 22:43 | Age | Castle Age |
| 22:49 | Build | Siege Workshop |
| 22:52 | Build | House |
| 22:57 | Build | Palisade Gate |
| 23:03 | Build | House |
| 23:10 | Build | Palisade Wall |
| 23:15 | Create | Mangonel |
| 23:28 | Research | Bodkin Arrow |
| 23:28 | Research | Bodkin Arrow |
| 24:05 | Create | Villager (Male) |
| 24:05 | Create | Villager (Male) |
| 24:10 | Research | Gold Mining |
| 24:25 | Build | House |
| 24:27 | Build | House |
| 24:45 | Build | Palisade Wall |
| 24:55 | Create | Skirmisher |
| 24:56 | Create | Skirmisher |
| 24:56 | Research | Elite Skirmisher (upgrade) |
| 25:03 | Build | House |
| 25:41 | Create | Skirmisher |
| 25:41 | Create | Skirmisher |
| 25:45 | Create | Villager (Male) |
| 26:03 | Research | Padded Archer Armor |
| 26:03 | Research | Padded Archer Armor |
Build order — Walmart
First 150 of 230 actions detected
| 0:02 | Research | Loom |
| 0:04 | Build | House |
| 0:06 | Build | House |
| 0:13 | Create | Villager (Male) |
| 0:13 | Create | Villager (Male) |
| 0:22 | Create | Villager (Male) |
| 1:33 | Create | Villager (Male) |
| 1:34 | Create | Villager (Male) |
| 1:56 | Build | Lumber Camp |
| 2:04 | Create | Villager (Male) |
| 2:12 | Build | Lumber Camp |
| 2:49 | Create | Villager (Male) |
| 3:14 | Create | Villager (Male) |
| 3:29 | Build | House |
| 3:40 | Create | Villager (Male) |
| 3:41 | Create | Villager (Male) |
| 4:01 | Create | Villager (Male) |
| 4:16 | Create | Villager (Male) |
| 4:47 | Create | Villager (Male) |
| 4:48 | Create | Villager (Male) |
| 5:22 | Create | Villager (Male) |
| 5:22 | Create | Villager (Male) |
| 5:50 | Create | Villager (Male) |
| 5:50 | Create | Villager (Male) |
| 6:06 | Build | House |
| 6:27 | Create | Villager (Male) |
| 7:42 | Build | Mining Camp |
| 7:47 | Build | House |
| 8:10 | Research | Feudal Age |
| 8:10 | Research | Feudal Age |
| 8:39 | Build | Barracks |
| 8:46 | Build | Palisade Wall |
| 9:53 | Build | Palisade Wall |
| 10:17 | Create | Villager (Male) |
| 10:20 | Age | Feudal Age |
| 10:21 | Build | Archery Range |
| 10:26 | Research | Double-Bit Axe |
| 10:27 | Create | Villager (Male) |
| 10:52 | Build | Archery Range |
| 11:07 | Build | Palisade Wall |
| 11:11 | Build | Palisade Wall |
| 11:16 | Create | Villager (Male) |
| 11:16 | Create | Villager (Male) |
| 11:18 | Create | Archer |
| 11:18 | Create | Archer |
| 11:48 | Build | House |
| 12:04 | Create | Villager (Male) |
| 12:13 | Build | Blacksmith |
| 12:35 | Create | Archer |
| 12:35 | Create | Archer |
| 12:36 | Create | Spearman |
| 12:53 | Create | Villager (Male) |
| 12:53 | Create | Villager (Male) |
| 12:56 | Build | Palisade Wall |
| 13:01 | Build | Palisade Gate |
| 13:15 | Create | Archer |
| 13:15 | Create | Archer |
| 13:15 | Create | Archer |
| 13:18 | Create | Villager (Male) |
| 13:20 | Build | House |
| 13:37 | Create | Archer |
| 13:37 | Create | Archer |
| 13:43 | Build | House |
| 13:46 | Build | Palisade Wall |
| 13:56 | Build | Mill |
| 14:00 | Create | Archer |
| 14:01 | Create | Villager (Male) |
| 14:01 | Create | Villager (Male) |
| 14:01 | Create | Villager (Male) |
| 14:05 | Build | Mill |
| 14:41 | Build | House |
| 14:55 | Research | Fletching |
| 14:55 | Research | Fletching |
| 14:57 | Build | House |
| 15:06 | Create | Villager (Male) |
| 15:19 | Build | Farm |
| 15:23 | Build | Farm |
| 15:26 | Build | Palisade Wall |
| 15:28 | Build | Farm |
| 15:29 | Build | Farm |
| 15:37 | Create | Villager (Male) |
| 15:43 | Build | Palisade Wall |
| 15:55 | Build | Palisade Wall |
| 16:08 | Research | Padded Archer Armor |
| 16:08 | Research | Padded Archer Armor |
| 16:15 | Create | Archer |
| 16:16 | Create | Archer |
| 16:16 | Create | Archer |
| 17:02 | Create | Villager (Male) |
| 17:02 | Create | Villager (Male) |
| 17:03 | Create | Archer |
| 17:04 | Create | Archer |
| 17:06 | Create | Spearman |
| 17:06 | Create | Spearman |
| 17:21 | Build | Palisade Wall |
| 18:05 | Research | Wheelbarrow |
| 18:05 | Research | Wheelbarrow |
| 18:07 | Build | Farm |
| 18:08 | Build | Farm |
| 18:10 | Research | Horse Collar |
| 18:10 | Research | Horse Collar |
| 18:19 | Create | Archer |
| 18:20 | Create | Archer |
| 18:20 | Create | Archer |
| 18:33 | Create | Villager (Male) |
| 18:53 | Create | Villager (Male) |
| 19:09 | Create | Archer |
| 19:10 | Create | Archer |
| 19:17 | Build | House |
| 19:19 | Build | House |
| 19:27 | Build | House |
| 20:13 | Create | Villager (Male) |
| 20:14 | Build | Farm |
| 20:15 | Build | Farm |
| 20:15 | Build | Farm |
| 20:30 | Build | House |
| 20:44 | Create | Archer |
| 20:45 | Create | Archer |
| 20:45 | Create | Archer |
| 21:08 | Research | Castle Age |
| 21:35 | Research | Gold Mining |
| 21:35 | Research | Gold Mining |
| 22:07 | Create | Archer |
| 22:07 | Create | Archer |
| 22:11 | Build | House |
| 22:16 | Build | Palisade Wall |
| 22:38 | Create | Archer |
| 22:38 | Create | Archer |
| 22:56 | Build | Lumber Camp |
| 23:48 | Age | Castle Age |
| 23:50 | Build | Lumber Camp |
| 23:52 | Research | Crossbowman (upgrade) |
| 24:00 | Create | Villager (Male) |
| 24:01 | Create | Villager (Male) |
| 24:05 | Research | Bodkin Arrow |
| 24:05 | Research | Bodkin Arrow |
| 24:25 | Create | Villager (Male) |
| 24:28 | Build | Farm |
| 24:33 | Create | Archer |
| 24:34 | Create | Archer |
| 24:34 | Create | Archer |
| 25:23 | Research | Leather Archer Armor |
| 25:24 | Create | Villager (Male) |
| 25:34 | Create | Villager (Male) |
| 25:34 | Create | Villager (Male) |
| 25:44 | Build | Town Center |
| 26:06 | Research | Thumb Ring |
| 26:08 | Create | Villager (Male) |
| 26:08 | Create | Villager (Male) |
| 26:15 | Create | Archer |
Build order — jerius02
107 actions detected in the replay
| 0:02 | Build | House |
| 0:03 | Create | Villager (Male) |
| 0:03 | Create | Villager (Male) |
| 0:03 | Create | Villager (Male) |
| 0:04 | Build | House |
| 0:39 | Create | Villager (Male) |
| 1:34 | Create | Villager (Male) |
| 1:35 | Create | Villager (Male) |
| 1:50 | Build | Lumber Camp |
| 2:04 | Create | Villager (Male) |
| 2:04 | Create | Villager (Male) |
| 2:34 | Create | Villager (Male) |
| 2:34 | Create | Villager (Male) |
| 3:01 | Create | Villager (Male) |
| 3:01 | Create | Villager (Male) |
| 3:16 | Create | Villager (Male) |
| 3:55 | Create | Villager (Male) |
| 4:05 | Build | House |
| 4:29 | Create | Villager (Male) |
| 4:30 | Create | Villager (Male) |
| 4:58 | Build | Mill |
| 5:24 | Create | Villager (Male) |
| 5:32 | Create | Villager (Male) |
| 5:44 | Build | House |
| 5:47 | Create | Villager (Male) |
| 6:25 | Create | Villager (Male) |
| 6:27 | Research | Loom |
| 7:30 | Create | Villager (Male) |
| 7:51 | Research | Feudal Age |
| 8:12 | Build | Palisade Wall |
| 8:27 | Build | Palisade Wall |
| 8:39 | Build | House |
| 9:18 | Build | Palisade Wall |
| 9:21 | Create | Villager (Male) |
| 9:41 | Build | Palisade Wall |
| 9:52 | Build | Palisade Wall |
| 10:03 | Build | Lumber Camp |
| 10:05 | Age | Feudal Age |
| 10:17 | Create | Villager (Male) |
| 10:35 | Build | House |
| 10:36 | Create | Villager (Male) |
| 10:54 | Build | Palisade Wall |
| 11:13 | Build | House |
| 11:26 | Build | Blacksmith |
| 11:28 | Create | Villager (Male) |
| 11:28 | Create | Villager (Male) |
| 11:57 | Build | Farm |
| 12:14 | Build | House |
| 12:20 | Create | Villager (Male) |
| 12:21 | Create | Villager (Male) |
| 12:26 | Build | Farm |
| 12:55 | Build | Farm |
| 12:57 | Create | Villager (Male) |
| 13:13 | Build | Farm |
| 13:19 | Build | Farm |
| 13:41 | Build | Mining Camp |
| 13:43 | Create | Villager (Male) |
| 13:43 | Create | Villager (Male) |
| 13:54 | Build | Farm |
| 13:57 | Create | Villager (Male) |
| 14:22 | Create | Villager (Male) |
| 14:34 | Build | Farm |
| 14:39 | Build | Farm |
| 14:48 | Build | Farm |
| 15:15 | Build | Barracks |
| 15:21 | Build | House |
| 15:32 | Build | House |
| 15:38 | Create | Villager (Male) |
| 15:46 | Build | Farm |
| 15:46 | Build | Farm |
| 15:47 | Build | Farm |
| 16:08 | Create | Villager (Male) |
| 16:16 | Build | Farm |
| 16:16 | Build | Farm |
| 16:17 | Build | Farm |
| 16:17 | Build | Farm |
| 17:10 | Build | Stable |
| 17:17 | Create | Villager (Male) |
| 17:18 | Create | Villager (Male) |
| 17:50 | Create | Villager (Male) |
| 17:50 | Create | Villager (Male) |
| 18:09 | Build | Farm |
| 18:24 | Create | Villager (Male) |
| 18:31 | Build | Stable |
| 18:43 | Build | House |
| 18:55 | Build | House |
| 19:01 | Create | Scout Cavalry |
| 19:01 | Create | Scout Cavalry |
| 19:02 | Create | Scout Cavalry |
| 19:27 | Create | Villager (Male) |
| 19:32 | Research | Bloodlines |
| 19:48 | Build | House |
| 19:50 | Build | House |
| 20:10 | Create | Spearman |
| 20:10 | Create | Spearman |
| 20:46 | Build | Palisade Wall |
| 21:08 | Build | Watch Tower |
| 21:12 | Create | Villager (Male) |
| 21:16 | Create | Scout Cavalry |
| 22:14 | Create | Scout Cavalry |
| 22:14 | Create | Scout Cavalry |
| 22:18 | Build | Farm |
| 23:03 | Create | Spearman |
| 23:03 | Create | Spearman |
| 23:05 | Build | Farm |
| 24:06 | Create | Villager (Male) |
| 24:07 | Create | Villager (Male) |
Build order — [COBRA] Nelson Damianco
First 150 of 191 actions detected
| 0:02 | Create | Villager (Male) |
| 0:02 | Create | Villager (Male) |
| 0:02 | Create | Villager (Male) |
| 0:03 | Create | Villager (Male) |
| 0:03 | Create | Villager (Male) |
| 0:03 | Create | Villager (Male) |
| 0:05 | Build | House |
| 0:06 | Build | House |
| 1:24 | Create | Villager (Male) |
| 1:25 | Create | Villager (Male) |
| 1:58 | Create | Villager (Male) |
| 1:59 | Create | Villager (Male) |
| 2:25 | Build | Lumber Camp |
| 2:32 | Create | Villager (Male) |
| 2:34 | Create | Villager (Male) |
| 2:34 | Create | Villager (Male) |
| 3:01 | Create | Villager (Male) |
| 3:01 | Create | Villager (Male) |
| 3:05 | Build | House |
| 3:36 | Create | Villager (Male) |
| 3:37 | Create | Villager (Male) |
| 3:37 | Create | Villager (Male) |
| 4:28 | Build | Mill |
| 4:29 | Create | Villager (Male) |
| 5:19 | Create | Villager (Male) |
| 5:21 | Research | Loom |
| 5:26 | Create | Villager (Male) |
| 5:27 | Research | Loom |
| 6:34 | Research | Feudal Age |
| 7:52 | Build | Barracks |
| 7:54 | Build | House |
| 8:44 | Age | Feudal Age |
| 8:48 | Build | Stable |
| 8:51 | Create | Villager (Male) |
| 8:56 | Research | Double-Bit Axe |
| 9:05 | Build | Palisade Wall |
| 9:07 | Build | House |
| 9:32 | Create | Spearman |
| 9:37 | Create | Scout Cavalry |
| 9:37 | Create | Scout Cavalry |
| 10:12 | Create | Villager (Male) |
| 10:29 | Create | Villager (Male) |
| 10:33 | Build | Palisade Wall |
| 10:47 | Build | Farm |
| 10:48 | Build | Farm |
| 10:49 | Build | Farm |
| 11:03 | Create | Scout Cavalry |
| 11:33 | Build | Palisade Wall |
| 11:55 | Create | Scout Cavalry |
| 11:55 | Create | Scout Cavalry |
| 12:19 | Create | Scout Cavalry |
| 12:36 | Create | Scout Cavalry |
| 12:56 | Build | House |
| 12:57 | Build | Palisade Wall |
| 13:04 | Build | Farm |
| 13:05 | Build | Farm |
| 13:05 | Build | Farm |
| 13:05 | Build | Farm |
| 13:06 | Build | Farm |
| 13:12 | Create | Scout Cavalry |
| 13:17 | Create | Villager (Male) |
| 13:21 | Build | Palisade Wall |
| 13:22 | Create | Villager (Male) |
| 13:37 | Create | Villager (Male) |
| 13:51 | Build | Palisade Wall |
| 14:15 | Create | Scout Cavalry |
| 14:19 | Create | Villager (Male) |
| 14:29 | Build | Palisade Wall |
| 14:51 | Create | Scout Cavalry |
| 15:04 | Build | Farm |
| 15:05 | Build | Farm |
| 15:05 | Build | Farm |
| 15:34 | Build | Blacksmith |
| 15:43 | Create | Scout Cavalry |
| 15:44 | Create | Scout Cavalry |
| 15:49 | Build | House |
| 16:07 | Create | Scout Cavalry |
| 16:10 | Create | Villager (Male) |
| 16:19 | Build | Palisade Wall |
| 16:26 | Build | Farm |
| 16:30 | Build | Farm |
| 16:41 | Create | Villager (Male) |
| 17:08 | Research | Forging |
| 17:19 | Build | Mining Camp |
| 17:25 | Create | Villager (Male) |
| 18:07 | Build | House |
| 18:08 | Build | House |
| 18:13 | Research | Scale Barding Armor |
| 18:19 | Create | Villager (Male) |
| 18:55 | Create | Villager (Male) |
| 19:10 | Build | Stable |
| 19:26 | Research | Bloodlines |
| 20:12 | Build | Palisade Gate |
| 20:13 | Build | Farm |
| 20:14 | Build | Farm |
| 20:30 | Create | Villager (Male) |
| 21:02 | Build | Stable |
| 21:03 | Create | Villager (Male) |
| 21:13 | Create | Villager (Male) |
| 21:19 | Research | Horse Collar |
| 21:56 | Create | Villager (Male) |
| 22:05 | Build | House |
| 22:07 | Build | House |
| 23:21 | Research | Castle Age |
| 24:15 | Research | Wheelbarrow |
| 24:29 | Research | Gold Mining |
| 25:09 | Create | Villager (Male) |
| 25:16 | Build | Lumber Camp |
| 26:01 | Age | Castle Age |
| 26:02 | Research | Chain Barding Armor |
| 26:05 | Create | Camel Scout |
| 26:05 | Create | Camel Scout |
| 26:05 | Create | Camel Scout |
| 26:23 | Build | Town Center |
| 26:35 | Research | Husbandry |
| 26:40 | Create | Villager (Male) |
| 27:00 | Research | Bow Saw |
| 27:18 | Create | Camel Scout |
| 27:18 | Create | Camel Scout |
| 27:34 | Build | Lumber Camp |
| 27:44 | Create | Camel Scout |
| 27:44 | Create | Camel Scout |
| 27:45 | Create | Camel Scout |
| 27:45 | Create | Camel Scout |
| 27:54 | Create | Camel Scout |
| 27:55 | Create | Camel Scout |
| 28:03 | Create | Camel Scout |
| 28:03 | Create | Camel Scout |
| 28:06 | Create | Villager (Male) |
| 28:11 | Build | Farm |
| 28:11 | Build | Farm |
| 28:11 | Build | Farm |
| 28:12 | Build | Farm |
| 28:17 | Create | Villager (Male) |
| 28:17 | Create | Villager (Male) |
| 28:28 | Create | Camel Scout |
| 28:28 | Create | Camel Scout |
| 28:28 | Create | Camel Scout |
| 28:49 | Create | Camel Scout |
| 28:49 | Create | Camel Scout |
| 28:49 | Create | Camel Scout |
| 28:58 | Create | Camel Scout |
| 28:58 | Create | Camel Scout |
| 28:58 | Create | Camel Scout |
| 29:18 | Create | Camel Scout |
| 29:19 | Create | Camel Scout |
| 29:35 | Create | Villager (Male) |
| 29:40 | Create | Villager (Male) |
| 29:56 | Create | Villager (Male) |
| 30:11 | Build | Farm |
Build order — [Traidor] Christoffel
First 150 of 214 actions detected
| 0:01 | Create | Villager (Male) |
| 0:01 | Create | Villager (Male) |
| 0:02 | Create | Villager (Male) |
| 0:03 | Build | House |
| 0:04 | Build | House |
| 0:23 | Create | Villager (Male) |
| 0:23 | Create | Villager (Male) |
| 1:34 | Create | Villager (Male) |
| 2:07 | Create | Villager (Male) |
| 2:20 | Create | Villager (Male) |
| 2:40 | Build | Lumber Camp |
| 2:52 | Create | Villager (Male) |
| 2:52 | Create | Villager (Male) |
| 3:06 | Create | Villager (Male) |
| 3:06 | Create | Villager (Male) |
| 3:32 | Create | Villager (Male) |
| 3:32 | Create | Villager (Male) |
| 4:00 | Build | House |
| 4:06 | Create | Villager (Male) |
| 4:07 | Create | Villager (Male) |
| 4:21 | Create | Villager (Male) |
| 4:21 | Create | Villager (Male) |
| 4:39 | Build | Mill |
| 4:42 | Create | Villager (Male) |
| 5:20 | Create | Villager (Male) |
| 5:20 | Create | Villager (Male) |
| 5:20 | Create | Villager (Male) |
| 5:26 | Create | Villager (Male) |
| 6:00 | Research | Loom |
| 6:55 | Research | Feudal Age |
| 7:31 | Build | Barracks |
| 7:32 | Build | Palisade Wall |
| 8:25 | Build | House |
| 8:33 | Create | Villager (Male) |
| 9:05 | Age | Feudal Age |
| 9:12 | Build | Stable |
| 9:20 | Research | Double-Bit Axe |
| 9:21 | Create | Villager (Male) |
| 9:43 | Create | Villager (Male) |
| 9:45 | Build | Farm |
| 9:46 | Build | Farm |
| 9:56 | Create | Scout Cavalry |
| 9:56 | Create | Scout Cavalry |
| 10:01 | Build | House |
| 10:04 | Build | Palisade Wall |
| 10:06 | Build | Palisade Gate |
| 10:12 | Create | Villager (Male) |
| 10:23 | Build | Farm |
| 10:41 | Create | Villager (Male) |
| 10:44 | Build | House |
| 10:51 | Build | Palisade Wall |
| 10:54 | Build | Palisade Wall |
| 11:00 | Build | Palisade Wall |
| 11:00 | Create | Villager (Male) |
| 11:01 | Create | Scout Cavalry |
| 11:03 | Build | Farm |
| 11:22 | Build | Farm |
| 11:27 | Create | Villager (Male) |
| 11:44 | Build | Farm |
| 11:49 | Create | Villager (Male) |
| 12:18 | Create | Villager (Male) |
| 12:19 | Create | Scout Cavalry |
| 12:23 | Build | Farm |
| 12:44 | Create | Scout Cavalry |
| 12:45 | Create | Villager (Male) |
| 13:16 | Create | Scout Cavalry |
| 13:17 | Create | Villager (Male) |
| 13:22 | Build | Lumber Camp |
| 13:24 | Build | Farm |
| 13:29 | Build | Farm |
| 13:36 | Create | Villager (Male) |
| 13:37 | Create | Scout Cavalry |
| 13:43 | Build | Farm |
| 13:49 | Build | Blacksmith |
| 13:52 | Build | House |
| 14:10 | Create | Villager (Male) |
| 14:16 | Build | Farm |
| 14:18 | Build | Farm |
| 14:38 | Create | Villager (Male) |
| 14:46 | Create | Spearman |
| 14:49 | Create | Villager (Male) |
| 14:50 | Build | House |
| 14:56 | Build | House |
| 14:58 | Build | Market |
| 15:00 | Build | Palisade Wall |
| 15:11 | Create | Scout Cavalry |
| 15:19 | Build | Farm |
| 15:20 | Build | Farm |
| 15:34 | Build | House |
| 15:36 | Build | House |
| 15:37 | Build | Palisade Wall |
| 15:48 | Create | Villager (Male) |
| 15:52 | Build | Farm |
| 16:05 | Create | Scout Cavalry |
| 16:07 | Create | Spearman |
| 16:14 | Create | Villager (Male) |
| 16:17 | Build | Farm |
| 16:18 | Build | Farm |
| 16:21 | Build | Farm |
| 16:29 | Build | Palisade Gate |
| 16:40 | Create | Scout Cavalry |
| 16:52 | Create | Villager (Male) |
| 16:59 | Research | Scale Barding Armor |
| 17:01 | Build | Farm |
| 17:17 | Build | House |
| 17:19 | Build | House |
| 17:21 | Build | House |
| 17:22 | Build | House |
| 17:25 | Build | House |
| 17:27 | Build | House |
| 17:38 | Build | House |
| 17:56 | Create | Scout Cavalry |
| 18:07 | Build | Mining Camp |
| 18:20 | Build | Palisade Wall |
| 18:21 | Build | Palisade Wall |
| 18:54 | Build | Farm |
| 19:04 | Create | Scout Cavalry |
| 19:05 | Create | Villager (Male) |
| 19:16 | Build | Farm |
| 19:17 | Build | Farm |
| 19:18 | Build | Farm |
| 19:31 | Create | Villager (Male) |
| 19:35 | Build | Farm |
| 19:37 | Create | Scout Cavalry |
| 19:56 | Create | Villager (Male) |
| 20:07 | Create | Villager (Male) |
| 20:25 | Research | Forging |
| 20:43 | Create | Villager (Male) |
| 21:11 | Research | Wheelbarrow |
| 21:59 | Research | Castle Age |
| 22:34 | Build | House |
| 23:02 | Build | House |
| 23:05 | Build | House |
| 23:08 | Build | House |
| 23:21 | Build | House |
| 23:23 | Build | Palisade Wall |
| 23:44 | Build | House |
| 23:45 | Build | House |
| 23:48 | Build | House |
| 23:50 | Build | Palisade Wall |
| 24:13 | Build | Farm |
| 24:14 | Build | Farm |
| 24:15 | Build | Farm |
| 24:37 | Build | Farm |
| 24:39 | Build | Farm |
| 25:07 | Age | Castle Age |
| 25:08 | Build | Stable |
| 25:11 | Create | Villager (Male) |
| 25:17 | Create | Villager (Male) |
| 25:33 | Research | Chain Barding Armor |
Build order — [COBRA] Ludwig Xan
First 150 of 242 actions detected
| 0:01 | Create | Villager (Male) |
| 0:03 | Build | House |
| 0:04 | Build | House |
| 0:11 | Create | Villager (Male) |
| 0:12 | Create | Villager (Male) |
| 0:12 | Create | Villager (Male) |
| 0:12 | Create | Villager (Male) |
| 1:30 | Create | Villager (Male) |
| 2:03 | Create | Villager (Male) |
| 2:27 | Build | Lumber Camp |
| 2:44 | Create | Villager (Male) |
| 2:47 | Create | Villager (Male) |
| 2:47 | Create | Villager (Male) |
| 3:03 | Build | House |
| 3:04 | Build | House |
| 3:31 | Create | Villager (Male) |
| 3:31 | Create | Villager (Male) |
| 3:31 | Create | Villager (Male) |
| 4:04 | Create | Villager (Male) |
| 4:17 | Create | Villager (Male) |
| 4:22 | Build | Mill |
| 4:55 | Create | Villager (Male) |
| 5:44 | Create | Villager (Male) |
| 5:53 | Research | Loom |
| 6:32 | Research | Feudal Age |
| 8:03 | Build | Barracks |
| 8:11 | Create | Villager (Male) |
| 8:36 | Age | Feudal Age |
| 9:00 | Build | Stable |
| 9:00 | Create | Villager (Male) |
| 9:04 | Research | Double-Bit Axe |
| 9:14 | Research | Horse Collar |
| 9:17 | Create | Villager (Male) |
| 9:35 | Build | House |
| 9:42 | Create | Scout Cavalry |
| 9:42 | Create | Scout Cavalry |
| 9:49 | Create | Scout Cavalry |
| 9:51 | Create | Villager (Male) |
| 9:55 | Build | Farm |
| 10:09 | Build | House |
| 10:11 | Build | Palisade Wall |
| 10:15 | Build | House |
| 10:18 | Build | Palisade Wall |
| 10:22 | Build | Farm |
| 10:35 | Create | Villager (Male) |
| 10:37 | Build | Farm |
| 10:52 | Create | Villager (Male) |
| 10:57 | Build | Farm |
| 10:58 | Create | Villager (Male) |
| 11:17 | Build | Farm |
| 11:19 | Build | Farm |
| 11:29 | Build | House |
| 11:44 | Create | Scout Cavalry |
| 11:46 | Create | Villager (Male) |
| 11:46 | Create | Villager (Male) |
| 11:52 | Build | House |
| 11:55 | Build | Palisade Wall |
| 11:56 | Build | Palisade Wall |
| 12:11 | Build | Farm |
| 12:14 | Build | Mill |
| 12:27 | Create | Villager (Male) |
| 12:59 | Create | Scout Cavalry |
| 13:13 | Create | Villager (Male) |
| 13:13 | Create | Villager (Male) |
| 13:17 | Build | Farm |
| 13:17 | Build | Farm |
| 13:20 | Build | Farm |
| 13:28 | Build | House |
| 13:33 | Build | Palisade Wall |
| 13:39 | Build | Palisade Wall |
| 13:53 | Create | Scout Cavalry |
| 13:54 | Create | Scout Cavalry |
| 14:02 | Create | Villager (Male) |
| 14:02 | Create | Villager (Male) |
| 14:07 | Build | Farm |
| 14:17 | Build | Farm |
| 14:21 | Build | Farm |
| 14:22 | Create | Villager (Male) |
| 14:59 | Create | Villager (Male) |
| 14:59 | Create | Villager (Male) |
| 15:00 | Create | Villager (Male) |
| 15:00 | Create | Villager (Male) |
| 15:29 | Build | Blacksmith |
| 15:34 | Build | Mining Camp |
| 15:36 | Research | Wheelbarrow |
| 16:36 | Research | Forging |
| 16:37 | Research | Scale Barding Armor |
| 17:07 | Research | Bloodlines |
| 17:09 | Build | Farm |
| 17:10 | Build | Farm |
| 17:38 | Create | Villager (Male) |
| 18:05 | Create | Villager (Male) |
| 18:09 | Build | Lumber Camp |
| 18:17 | Build | Market |
| 18:19 | Build | House |
| 18:22 | Create | Villager (Male) |
| 18:57 | Create | Villager (Male) |
| 19:00 | Create | Villager (Male) |
| 20:01 | Research | Castle Age |
| 20:15 | Build | Stable |
| 20:26 | Research | Gold Mining |
| 21:16 | Build | Stable |
| 21:55 | Build | Farm |
| 21:56 | Build | Farm |
| 21:58 | Build | Farm |
| 21:59 | Build | Farm |
| 22:04 | Build | Farm |
| 22:05 | Build | Farm |
| 22:19 | Create | Villager (Male) |
| 22:27 | Age | Castle Age |
| 22:30 | Research | Husbandry |
| 22:31 | Research | Chain Barding Armor |
| 22:33 | Create | Knight |
| 22:33 | Create | Knight |
| 22:34 | Create | Knight |
| 22:46 | Research | Iron Casting |
| 22:48 | Create | Villager (Male) |
| 22:52 | Build | Farm |
| 22:54 | Build | Farm |
| 23:01 | Build | Town Center |
| 23:03 | Create | Villager (Male) |
| 23:07 | Create | Knight |
| 23:07 | Create | Knight |
| 23:21 | Create | Knight |
| 23:21 | Create | Knight |
| 23:58 | Create | Knight |
| 23:58 | Create | Knight |
| 23:58 | Create | Knight |
| 23:59 | Create | Villager (Male) |
| 24:02 | Build | Farm |
| 24:14 | Create | Knight |
| 24:14 | Create | Knight |
| 24:35 | Create | Knight |
| 24:35 | Create | Knight |
| 24:40 | Build | Farm |
| 24:47 | Create | Villager (Male) |
| 24:47 | Create | Villager (Male) |
| 25:18 | Research | Light Cavalry (upgrade) |
| 25:20 | Create | Villager (Male) |
| 25:25 | Build | House |
| 25:26 | Build | House |
| 25:30 | Create | Villager (Male) |
| 25:35 | Build | Lumber Camp |
| 25:36 | Create | Villager (Male) |
| 25:36 | Create | Villager (Male) |
| 25:45 | Create | Knight |
| 25:58 | Create | Knight |
| 26:01 | Create | Villager (Male) |
| 26:01 | Create | Villager (Male) |
| 26:09 | Build | Town Center |
Match timeline
| 4:22 | [COBRA] PaPi_RuLes · wall_segment Palisade Wall x7 |
| 5:17 | Polenta · wall_segment Palisade Wall x1 |
| 5:18 | Polenta · wall_segment Palisade Wall x1 |
| 5:18 | Polenta · wall_segment Palisade Wall x1 |
| 5:32 | Polenta · wall_segment Palisade Wall x6 |
| 6:05 | Polenta · wall_segment Palisade Wall x1 |
| 6:06 | Polenta · wall_segment Palisade Wall x1 |
| 6:09 | Polenta · wall_segment Palisade Wall x1 |
| 6:19 | Polenta · wall_segment Palisade Wall x8 |
| 7:23 | Clancy |-/ · wall_segment Palisade Wall x1 |
| 7:25 | Clancy |-/ · wall_segment Palisade Wall x1 |
| 7:25 | Clancy |-/ · wall_segment Palisade Wall x1 |
| 7:28 | Clancy |-/ · wall_segment Palisade Wall x1 |
| 7:29 | Polenta · wall_segment Palisade Wall x13 |
| 7:29 | Clancy |-/ · wall_segment Palisade Wall x1 |
| 7:31 | [Traidor] Christoffel · first_building Barracks |
| 7:32 | [Traidor] Christoffel · wall_segment Palisade Wall x1 |
| 7:52 | [COBRA] Nelson Damianco · first_building Barracks |
| 8:03 | [COBRA] Ludwig Xan · first_building Barracks |
| 8:05 | [COBRA] PaPi_RuLes · first_building Barracks |
| 8:12 | jerius02 · wall_segment Palisade Wall x8 |
| 8:27 | jerius02 · wall_segment Palisade Wall x10 |
| 8:36 | [COBRA] Ludwig Xan · age_up feudal |
| 8:39 | Walmart · first_building Barracks |
| 8:44 | [COBRA] Nelson Damianco · age_up feudal |
| 8:46 | Walmart · wall_segment Palisade Wall x6 |
| 8:48 | [COBRA] Nelson Damianco · first_building Stable |
| 9:00 | [COBRA] Ludwig Xan · first_building Stable |
| 9:05 | [COBRA] Nelson Damianco · wall_segment Palisade Wall x6 |
| 9:05 | [Traidor] Christoffel · age_up feudal |
| 9:10 | Polenta · wall_segment Palisade Wall x1 |
| 9:11 | Polenta · wall_segment Palisade Wall x1 |
| 9:12 | [Traidor] Christoffel · first_building Stable |
| 9:18 | jerius02 · wall_segment Palisade Wall x9 |
| 9:24 | [COBRA] PaPi_RuLes · age_up feudal |
| 9:28 | [COBRA] PaPi_RuLes · first_building Archery Range |
| 9:41 | jerius02 · wall_segment Palisade Wall x10 |
| 9:52 | jerius02 · wall_segment Palisade Wall x10 |
| 9:53 | Walmart · wall_segment Palisade Wall x7 |
| 10:04 | [Traidor] Christoffel · wall_segment Palisade Wall x4 |
| 10:05 | jerius02 · age_up feudal |
| 10:11 | [COBRA] Ludwig Xan · wall_segment Palisade Wall x7 |
| 10:18 | [COBRA] Ludwig Xan · wall_segment Palisade Wall x8 |
| 10:18 | Clancy |-/ · wall_segment Palisade Wall x1 |
| 10:20 | Walmart · age_up feudal |
| 10:20 | Clancy |-/ · wall_segment Palisade Wall x7 |
| 10:21 | Walmart · first_building Archery Range |
| 10:32 | Clancy |-/ · first_building Barracks |
| 10:33 | [COBRA] Nelson Damianco · wall_segment Palisade Wall x8 |
| 10:36 | Clancy |-/ · wall_segment Palisade Wall x4 |
| 10:40 | Clancy |-/ · wall_segment Palisade Wall x1 |
| 10:41 | Polenta · age_up feudal |
| 10:42 | [COBRA] PaPi_RuLes · wall_segment Palisade Wall x1 |
| 10:43 | Clancy |-/ · wall_segment Palisade Wall x5 |
| 10:44 | Clancy |-/ · wall_segment Palisade Wall x5 |
| 10:51 | [Traidor] Christoffel · wall_segment Palisade Wall x6 |
| 10:54 | [Traidor] Christoffel · wall_segment Palisade Wall x14 |
| 10:54 | jerius02 · wall_segment Palisade Wall x11 |
| 11:00 | [Traidor] Christoffel · wall_segment Palisade Wall x4 |
| 11:04 | Clancy |-/ · wall_segment Palisade Wall x10 |
| 11:06 | [COBRA] PaPi_RuLes · wall_segment Palisade Wall x9 |
| 11:06 | Clancy |-/ · wall_segment Palisade Wall x4 |
| 11:07 | Walmart · wall_segment Palisade Wall x3 |
| 11:09 | Clancy |-/ · wall_segment Palisade Wall x1 |
| 11:11 | Walmart · wall_segment Palisade Wall x3 |
| 11:16 | [COBRA] PaPi_RuLes · wall_segment Palisade Wall x1 |
| 11:33 | [COBRA] Nelson Damianco · wall_segment Palisade Wall x10 |
| 11:36 | Clancy |-/ · age_up feudal |
| 11:55 | [COBRA] Ludwig Xan · wall_segment Palisade Wall x6 |
| 11:56 | [COBRA] Ludwig Xan · wall_segment Palisade Wall x4 |
| 12:19 | Clancy |-/ · wall_segment Palisade Wall x1 |
| 12:22 | Clancy |-/ · first_building Archery Range |
| 12:47 | Polenta · wall_segment Palisade Wall x1 |
| 12:48 | Polenta · wall_segment Palisade Wall x1 |
| 12:51 | Polenta · wall_segment Palisade Wall x1 |
| 12:51 | Polenta · wall_segment Palisade Wall x1 |
| 12:56 | Walmart · wall_segment Palisade Wall x11 |
| 12:57 | [COBRA] Nelson Damianco · wall_segment Palisade Wall x1 |
| 13:05 | Polenta · first_market_sell 100 stone |
| 13:21 | [COBRA] Nelson Damianco · wall_segment Palisade Wall x13 |
| 13:33 | [COBRA] Ludwig Xan · wall_segment Palisade Wall x21 |
| 13:39 | [COBRA] Ludwig Xan · wall_segment Palisade Wall x16 |
| 13:46 | Walmart · wall_segment Palisade Wall x8 |
| 13:49 | [COBRA] PaPi_RuLes · wall_segment Palisade Wall x12 |
| 13:51 | [COBRA] Nelson Damianco · wall_segment Palisade Wall x8 |
| 13:52 | [COBRA] PaPi_RuLes · wall_segment Palisade Wall x17 |
| 14:29 | [COBRA] Nelson Damianco · wall_segment Palisade Wall x9 |
| 15:00 | [Traidor] Christoffel · wall_segment Palisade Wall x1 |
| 15:15 | jerius02 · first_building Barracks |
| 15:26 | Walmart · wall_segment Palisade Wall x9 |
| 15:37 | [Traidor] Christoffel · wall_segment Palisade Wall x11 |
| 15:43 | Walmart · wall_segment Palisade Wall x5 |
| 15:55 | Walmart · wall_segment Palisade Wall x4 |
| 16:05 | Polenta · wall_segment Palisade Wall x1 |
| 16:06 | Polenta · wall_segment Palisade Wall x1 |
| 16:11 | Polenta · wall_segment Palisade Wall x2 |
| 16:12 | Polenta · wall_segment Palisade Wall x1 |
| 16:19 | [COBRA] Nelson Damianco · wall_segment Palisade Wall x11 |
| 16:20 | Polenta · wall_segment Palisade Wall x1 |
| 16:20 | Polenta · age_up castle |
| 16:22 | Polenta · wall_segment Palisade Wall x1 |
| 16:23 | Polenta · wall_segment Palisade Wall x1 |
| 16:25 | Polenta · wall_segment Palisade Wall x1 |
| 16:26 | Polenta · wall_segment Palisade Wall x1 |
| 17:10 | jerius02 · first_building Stable |
| 17:11 | Polenta · wall_segment Palisade Wall x1 |
| 17:13 | Polenta · wall_segment Palisade Wall x1 |
| 17:16 | Polenta · wall_segment Palisade Wall x1 |
| 17:21 | Walmart · wall_segment Palisade Wall x11 |
| 17:24 | Polenta · wall_segment Palisade Wall x2 |
| 17:37 | Polenta · first_building Castle |
| 17:48 | Polenta · wall_segment Palisade Wall x1 |
| 17:49 | Polenta · wall_segment Palisade Wall x1 |
| 17:50 | Polenta · wall_segment Palisade Wall x1 |
| 17:53 | Polenta · wall_segment Palisade Wall x1 |
| 17:54 | Polenta · wall_segment Palisade Wall x1 |
| 17:57 | Polenta · wall_segment Palisade Wall x1 |
| 17:58 | Polenta · wall_segment Palisade Wall x1 |
| 18:20 | [Traidor] Christoffel · wall_segment Palisade Wall x8 |
| 18:21 | [Traidor] Christoffel · wall_segment Palisade Wall x1 |
| 19:04 | Polenta · wall_segment Palisade Wall x1 |
| 19:29 | Polenta · wall_segment Palisade Wall x1 |
| 19:43 | Clancy |-/ · first_market_sell 100 wood |
| 19:47 | Polenta · wall_segment Palisade Wall x1 |
| 20:46 | jerius02 · wall_segment Palisade Wall x1 |
| 20:49 | [Traidor] Christoffel · first_market_sell 100 wood |
| 20:51 | Clancy |-/ · first_market_buy 100 stone |
| 20:51 | [Traidor] Christoffel · first_market_buy 100 food |
| 22:16 | Walmart · wall_segment Palisade Wall x6 |
| 22:27 | [COBRA] Ludwig Xan · age_up castle |
| 22:43 | Clancy |-/ · age_up castle |
| 22:44 | [COBRA] PaPi_RuLes · age_up castle |
| 22:49 | Clancy |-/ · first_building Siege Workshop |
| 23:01 | Polenta · first_building Barracks |
| 23:10 | Clancy |-/ · wall_segment Palisade Wall x1 |
| 23:23 | [Traidor] Christoffel · wall_segment Palisade Wall x1 |
| 23:37 | Polenta · wall_segment Palisade Wall x1 |
| 23:48 | Walmart · age_up castle |
| 23:50 | [Traidor] Christoffel · wall_segment Palisade Wall x1 |
| 24:17 | jerius02 · resign |
| 24:32 | Polenta · first_building Monastery |
| 24:45 | Clancy |-/ · wall_segment Palisade Wall x1 |
| 25:01 | Polenta · first_market_buy 100 stone |
| 25:07 | [Traidor] Christoffel · age_up castle |
| 26:01 | [COBRA] Nelson Damianco · age_up castle |
| 26:28 | Polenta · first_building Siege Workshop |
| 26:38 | Polenta · wall_segment Palisade Wall x1 |
| 26:40 | [Traidor] Christoffel · wall_segment Palisade Wall x1 |
| 27:02 | Polenta · wall_segment Palisade Wall x1 |
| 30:01 | Polenta · wall_segment Palisade Wall x1 |
| 30:01 | Polenta · wall_segment Palisade Wall x1 |
| 30:06 | Polenta · wall_segment Palisade Wall x1 |
| 33:23 | [COBRA] PaPi_RuLes · first_market_buy 100 food |
| 33:25 | [COBRA] PaPi_RuLes · first_market_sell 100 wood |
[ AI ANALYSIS · 1 CREDIT ]
What really happened in this match?
Wolo.gg analyzes every decision: build order, eco, micro, common mistakes by bracket. Personalized analysis on WhatsApp or Discord in 30 seconds.
Civ guide
Ethiopians
Perfil
Jugador #2147340